AoeStats
← Pwncakes

African Clearing

510541242Analyzed
2v2 RM · 5h ago on Oct 1, 2026· 30m 42s· 4 players
Game mode
Random Map
Map size
Medium (4 player)
Population
200
Speed
Normal
Resources
Standard
Victory
Conquest
Starting age
Dark Age
Ending age
Imperial Age
RankedLock teamsTeams togetherTeam positionsShared explorationLock speedFull tech treeHidden civsTurbo modeCheats
Victory
Defeat
🇩🇪 Magyars · Germany
1298
+16
🇺🇸 Huns · United States
1274
+17
🇦🇷 Persians · Argentina
1332
-17
🇨🇳 Mongols · China
1273
-16
Pwncakes
9:50 Loom
12:21 Feudal Age
13:01 Double-Bit Axe
15:20 Scale Barding Armor
15:55 Forging
16:27 Bloodlines
22:32 Wheelbarrow
24:50 Castle Age
23:13 Fletching
24:26 Padded Archer Armor
24:45 Horse Collar
26:01 Bodkin Arrow
26:22 Leather Archer Armor
26:09 Husbandry
26:03 Light Cavalry
27:19 Gold Mining
28:23 Bow Saw
31:15 Ballistics
Cuntmachine
7:04 Loom
13:18 Feudal Age
15:33 Bloodlines
19:54 Wheelbarrow
22:22 Castle Age
20:12 Double-Bit Axe
22:52 Scale Barding Armor
23:22 Husbandry
23:46 Fletching
24:18 Crossbowman
25:03 Padded Archer Armor
25:08 Horse Collar
27:33 Bodkin Arrow
28:35 Ballistics
28:56 Town Watch
30:30 Leather Archer Armor
Ambition
4:26 Loom
11:30 Feudal Age
13:17 Double-Bit Axe
13:22 Town Watch
18:38 Castle Age
20:46 Bow Saw
25:59 Fletching
27:38 Bloodlines
27:45 Gold Mining
28:30 Bodkin Arrow
28:51 Padded Archer Armor
29:00 Husbandry
29:44 Padded Archer Armor
King Nothing
10:09 Loom
12:12 Feudal Age
16:09 Double-Bit Axe
20:13 Castle Age
27:21 Horse Collar
30:16 Wheelbarrow
30:16 Bow Saw
30:38 Town Watch
Connection lost

Rejoining the realm…

Still unreachable

The connection could not be restored.

Session expired

The server has moved on; the page needs a fresh start.